 Dungeon Crawl Stone Soup version 0.32-a0-39-g5c88369fb2 (webtiles) character file.

Game seed: 688226544128645653

38597 Ge0ff the Thaumaturge (level 13, -27/108 HPs)
             Began as a Mummy Cinder Acolyte on Jan 30, 2024.
             Was an Initiate of Ignis.
             Killed by an exploding elephant (46 damage)
             ... ignited by their inner flame
             ... on level 5 of the Lair of Beasts.
             The game lasted 00:35:12 (23549 turns).

Ge0ff the Thaumaturge (Mummy Cinder Acolyte)       Turns: 23549, Time: 00:35:13

Health: -27/108    AC: 10    Str: 17    XL:     13   Next: 64%
Magic:  28/29      EV: 12    Int: 30    God:    Ignis [......]
Gold:   913        SH:  0    Dex:  8    Spells: 25/37 levels left

rFire   . . .        a - -1 spear (flame)
rCold   + . .        (no shield)
rNeg    + + +        o - +0 steam dragon scales
rPois   ∞            x - +0 helmet
rElec   .            Q - +2 cloak {Will+}
rCorr   .            (no gloves)
SInv    .            D - +0 pair of boots
Will    ++...        z - amulet of regeneration
Stlth   ++           G - +6 ring of intelligence
HPRegen 1.18/turn    h - +6 ring of intelligence
MPRegen 0.21/turn

%: faith
@: studying Fighting
A: cold resistance 1, negative energy resistance 3, torment resistance 2, heat
vulnerability 1, in touch with death 2, no potions, faith
a: Renounce Religion, Rising Flame


You were on level 5 of the Lair of Beasts.
You worshipped Ignis.
Ignis was noncommittal.
You visited 3 branches of the dungeon, and saw 17 of its levels.
You also visited: Bailey.

You collected 946 gold pieces.
You spent 33 gold pieces at shops.

Inventory:

Hand Weapons
 a - a -1 spear of flaming (weapon)
 t - a +0 dagger of chaos
 w - a +4 falchion of freezing
 A - a +1 demon whip of flaming
 I - a +1 trident of venom
 L - a +3 trident
 W - a +2 trident
Missiles
 e - 154 stones
 g - 3 throwing nets {=F}
 k - 23 poisoned darts
 m - 2 darts of dispersal
 v - a curare-tipped dart {=F}
 M - 18 javelins
 N - 6 datura-tipped darts {=F}
 U - 8 boomerangs
Armour
 o - +0 steam dragon scales (worn)
 x - a +0 helmet (worn)
 D - a +0 pair of boots (worn)
 H - +0 acid dragon scales
 Q - a +2 cloak of willpower (worn)
 R - a +0 robe of willpower
 X - the +6 leather armour of Ysook {rPois}
   (You took it off an orc wizard on level 5 of the Dungeon)

   rPois:     It protects you from poison
Jewellery
 h - a +6 ring of intelligence (right hand)
 l - a ring of flight
 n - the dreamshard necklace {Acrobat *Dream}
   (You found it on level 2 of the Lair of Beasts)

   [amulet of the acrobat]

   *Dream:    It absorbs a single lethal wound into itself, holding its wearer
   just short of death and releasing dream-creatures to guard them.
   Acrobat:   It increases your evasion while moving and waiting.
 q - a +4 ring of protection
 u - a ring of willpower
 z - an amulet of regeneration (around neck)
 G - a +6 ring of intelligence (left hand)
 K - an amulet of guardian spirit
 S - a ring of see invisible
Wands
 f - a wand of flame (77)
 j - a wand of light (7)
 p - a wand of paralysis (4)
 r - a wand of roots (9)
 s - a wand of mindburst (10)
 P - a wand of polymorph (6)
Scrolls
 i - 4 scrolls of identify
 B - 3 scrolls of blinking
 C - 2 scrolls of poison
 E - 4 scrolls of fear
 F - 2 scrolls of fog
 J - a scroll of silence {!r}
 O - 5 scrolls of enchant weapon
 T - 4 scrolls of teleportation
 V - a scroll of brand weapon
 Y - a scroll of torment
 Z - 2 scrolls of enchant armour


   Skills:
 - Level 12.0 Fighting
 - Level 2.4 Polearms
 - Level 2.0 Armour
 + Level 4.0 Dodging
 - Level 2.0 Stealth
 + Level 12.8 Spellcasting
 - Level 5.0 Necromancy
 - Level 3.0 Translocations
 + Level 9.8 Fire Magic
 + Level 9.8 Alchemy
 + Level 6.4 Evocations


You had 25 spell levels left.
You knew the following spells:

 Your Spells              Type           Power      Damage    Failure   Level
j - Sticky Flame          Fire/Alch      67%        2d11      1%          4
n - Dispel Undead         Necr           84%        3d27      3%          4
B - Blink                 Tloc           74%        N/A       1%          2
C - Scorch                Fire           100%       2d9       1%          2

Your spell library contained the following spells:

 Spells                   Type           Power      Damage    Failure   Level
 Kiss of Death            Conj/Necr      100%       2d13      1%          1
 Fugue of the Fallen      Necr           84%        N/A       1%          3
 Ignite Poison            Fire/Alch      67%        N/A       1%          4
 Magic Dart               Conj           76%        1d6       2%          1
 Call Imp                 Summ           38%        N/A       4%          2
 Ensorcelled Hibernation  Hex/Ice        38%        N/A       4%          2
 Static Discharge         Conj/Air       38%        3-5/arc   4%          2
 Confusing Touch          Hex            19%        N/A       8%          3
 Tukima's Dance           Hex            19%        N/A       8%          3
 Passage of Golubria      Tloc           37%        N/A       8%          4
 Anguish                  Hex/Necr       33%        N/A       10%         4
 Yara's Violent Unravell  Hex/Alch       24%        3d11      10%         5
 Airstrike                Air            9%         2d(2-18)  26%         4
 Summon Lightning Spire   Summ/Air       19%        N/A       26%         4
 Summon Forest            Summ/Tloc      14%        N/A       36%         5
 Summon Mana Viper        Hex/Summ       19%        N/A       58%         5
 Ignition                 Fire           33%        3d10      97%         8
 Summon Cactus Giant      Summ           9%         N/A       99%         6


Dungeon Overview and Level Annotations

Branches:
Dungeon (11/15) Zot: 25561  Temple (1/1) D:6 Zot: 5965    Lair (5/5) D:8 Zot: 22516
  Swamp (0/4) Lair:2        Snake (0/4) Lair:3          Orc (0/2) D:11
 Bailey (visited)
  Slime: Lair:4-5

Altars:
Ashenzari
Cheibriados
Dithmenos
Fedhas
Gozag
Hepliaklqana
Kikubaaqudgha
Makhleb
Nemelex Xobeh
Okawaru
Qazlal
Ru
Sif Muna
Trog
Uskayaw
Vehumet
Wu Jian
Xom
Yredelemnul

Shops:
D:4 *


Innate Abilities, Weirdness & Mutations

You are immune to poison.
Your flesh is cold resistant. (rC+)
You are immune to negative energy. (rN+++)
You are immune to unholy pain and torment.
You are vulnerable to heat. (rF-)
You are strongly in touch with the powers of death.
You do not drink.
You have a special connection with the divine. (Faith)


Message History

The elephant looks as sick as possible!
Flame seeps out of the elephant.
The elephant is engulfed in poison gas.
The elephant looks as sick as possible!
Flame seeps out of the elephant.
The elephant is engulfed in poison gas.
The elephant looks even sicker.
Flame seeps out of the elephant.
The elephant looks as sick as possible!
The elephant is engulfed in poison gas.
The elephant looks as sick as possible!
Flame seeps out of the elephant.
A wolf comes into view.
The wolf howls!
The blink frog croaks.
You hear a bellow!
You hear a loud, deep croak!
You hear a bellow!
You hear a howl!
You hear a croak.
You hear a bellow!
Flame seeps out of the elephant. x10
The elephant explodes!
The fiery explosion engulfs the elephant!!!
The fiery explosion engulfs the elephant! x2
Flame seeps out of the elephant.
The elephant is almost dead.
The fiery explosion engulfs the elephant!!
Flame seeps out of the elephant.
The elephant is almost dead.
The fiery explosion engulfs the elephant!!
The fiery explosion engulfs you!!!
Ouch! That really hurt!
* * * LOW HITPOINT WARNING * * *
The fiery explosion engulfs the water moccasin!!!
The fiery explosion engulfs the elephant!!
Flame seeps out of the elephant.
The elephant is almost dead.
The fiery explosion engulfs the elephant!!!
The elephant explodes!
The fiery explosion engulfs the elephant!!!
The fiery explosion engulfs the black mamba!!
The fiery explosion engulfs the elephant!!!
The fiery explosion engulfs the elephant!!
The elephant explodes!
The fiery explosion engulfs the fungus!!
The fungus begins to die.
The fungus is lightly damaged.
The elephant explodes!
The fiery explosion engulfs the fungus!!!
The fungus is moderately damaged.
The black mamba explodes!
The elephant explodes!
The fiery explosion engulfs the fungus!!
The fungus is heavily damaged.
The water moccasin explodes!
The elephant explodes!
The fiery explosion engulfs the elephant!! x2
The elephant explodes!
The fiery explosion engulfs the elephant!!
The elephant explodes! x2
The fiery explosion engulfs you!!!
You die... .†.kP... #.S.....
Fh.....

.# ?....P. F..P... .#
....P.. ...P... ..#
.##P... .......##.#
## #... ....P..#..#
..h .......#..#
#.......## #######
#P..@§§○###......#
##.°§§§§§○§§○.....
.#P○☼°§§§§........
#..P.#§☼°§§.○§#....
.....§○○§§○§○.§..Y..
.......§○§☼§§<§Y.P...
..##...§°○○§○..P.P#..
.. ####.#P§§§..PP....
###§○○§°P☼.....


You could see 2 blink frogs and a wolf.

Vanquished Creatures
  Gastronok (Lair:1)
  2 vault guards (Bailey)
  4 hydras
  Harold (D:11)
  A catoblepas (D:11)
  A death yak (Lair:4)
  Urug (D:10)
  A tengu warrior (D:9)
  Nergalle (Lair:3)
  Amaemon (D:9)
  2 skysharks (Lair:2)
  Pikel (D:5)
  Maurice (D:10)
  5 black mambas
  17 elephants
  5 cane toads
  An orange demon (D:9)
  Maggie (D:10)
  3 rime drakes
  2 kobold demonologists
  An unseen horror (D:10)
  10 komodo dragons
  Psyche (D:10)
  2 trolls
  3 polar bears (Lair:2)
  2 hornets
  Prince Ribbit (Bailey)
  Grinder (D:5)
  8 blink frogs (Lair:4)
  11 dream sheep (Lair:3)
  Sigmund (D:5)
  2 wraiths (D:10)
  6 wyverns
  15 yaks
  3 basilisks
  4 humans (Bailey)
  A naga (Lair:3)
  2 acid dragons
  10 water moccasins
  6 orc warriors
  A sky beast (D:6)
  2 ice beasts (D:6)
  5 black bears
  An ogre (D:7)
  3 wolves (Lair:2)
  4 centaurs
  A kobold brigand (D:8)
  3 scorpions
  23 bullfrogs
  A gnoll sergeant (D:10)
  21 wights
  4 killer bees (D:8)
  10 howler monkeys
  3 bombardier beetles (D:5)
  5 jellies
  7 orc priests
  3 hounds
  A sleepcap (D:4)
  3 iguanas
  10 orc wizards
  7 hell rats (Lair:3)
  12 gnolls
  10 adders
  13 river rats (Lair:3)
  3 dart slugs
  A ribbon worm (D:3)
  39 orcs
  6 endoplasms
  2 giant cockroaches
  10 goblins
  7 hobgoblins
  2 jackals (D:3)
  7 quokkas
  8 ball pythons
  12 bats
  2 frilled lizards
  9 kobolds
  16 rats
  A butterfly (Lair:1)
420 creatures vanquished.

Vanquished Creatures (collateral kills)
  3 yaks (D:11)
  A wraith (D:11)
  A human simulacrum (D:11)
5 creatures vanquished.

Vanquished Creatures (others)
  A human simulacrum (D:11)
  108 foxfires
109 creatures vanquished.

Grand Total: 534 creatures vanquished

Notes
Turn   | Place    | Note
-------+----------+-------------------------------------------
     0 | D:1      | Ge0ff the Mummy Cinder Acolyte began the quest for the Orb.
     0 | D:1      | Reached XP level 1. HP: 18/18 MP: 2/2
    62 | D:1      | Found a faded altar of an unknown god.
   180 | D:1      | Reached XP level 2. HP: 12/24 MP: 4/4
   186 | D:1      | Learned a level 2 spell: Scorch
   362 | D:1      | Reached skill level 1 in Stealth
  1391 | D:2      | Reached XP level 3. HP: 29/29 MP: 1/6
  1648 | D:1      | Reached XP level 4. HP: 20/35 MP: 0/8
  2732 | D:3      | Found a sparkling altar of Nemelex Xobeh.
  2955 | D:3      | Reached XP level 5. HP: 41/41 MP: 7/10
  3014 | D:3      | Learned a level 4 spell: Sticky Flame
  3036 | D:3      | Reached skill level 1 in Evocations
  3213 | D:3      | Found a hazy altar of Hepliaklqana.
  3781 | D:3      | Reached skill level 1 in Alchemy
  3887 | D:4      | Reached XP level 6. HP: 47/47 MP: 6/11
  4680 | D:4      | Found an iron altar of Okawaru.
  4764 | D:4      | Found Inuig's General Store.
  4768 | D:4      | Bought a scroll of teleportation for 33 gold pieces
  4984 | D:4      | Learned a level 2 spell: Blink
  5019 | D:5      | Entered Level 5 of the Dungeon
  5065 | D:5      | Noticed Grinder
  5067 | D:5      | Noticed Pikel
  5073 | D:5      | Killed Pikel
  5074 | D:5      | Reached skill level 5 in Spellcasting
  5074 | D:5      | Reached XP level 7. HP: 52/52 MP: 12/14
  5079 | D:5      | Noticed Sigmund
  5089 | D:5      | Killed Grinder
  5090 | D:5      | Reached XP level 8. HP: 27/58 MP: 6/16
  5090 | D:5      | Killed Sigmund
  5269 | D:5      | Reached skill level 5 in Fire Magic
  5603 | D:5      | Identified the +6 leather armour of Ysook {rPois}
  5719 | D:5      | Reached skill level 5 in Alchemy
  6106 | D:5      | Reached skill level 1 in Translocations
  6264 | D:5      | Reached XP level 9. HP: 63/63 MP: 9/19
  7235 | D:6      | Identified the +3 robe of Inviolability {*Slow rPois Str+2
                  | Stlth+}
  7815 | D:6      | Found a burning altar of Makhleb.
  7931 | D:6      | Found a staircase to the Ecumenical Temple.
  7942 | Temple   | Entered the Ecumenical Temple
  8528 | D:7      | Found a flagged portal.
  8537 | D:7      | Reached skill level 1 in Armour
  8537 | D:7      | Reached skill level 1 in Dodging
  8554 | Bailey   | Entered a bailey
  8644 | Bailey   | Reached XP level 10. HP: 15/73 MP: 0/22
  8905 | Bailey   | Reached skill level 5 in Fighting
  9066 | Bailey   | Noticed Prince Ribbit
  9067 | Bailey   | Noticed a vault guard
  9087 | Bailey   | Killed Prince Ribbit
  9243 | Bailey   | Killed a vault guard
  9421 | Bailey   | Noticed a vault guard
  9432 | Bailey   | Killed a vault guard
 10372 | D:7      | Found a radiant altar of Vehumet.
 10373 | D:7      | Found a hide-covered altar of Uskayaw.
 10456 | D:7      | Reached skill level 10 in Spellcasting
 11176 | D:8      | Found an opulent altar of Gozag.
 11230 | D:8      | Found a blossoming altar of Fedhas.
 11526 | D:8      | Found a shimmering blue altar of Sif Muna.
 11906 | D:8      | Reached XP level 11. HP: 66/86 MP: 0/25
 12183 | D:8      | Found a staircase to the Lair.
 12249 | D:8      | Learned a level 4 spell: Dispel Undead
 12556 | D:9      | Noticed Amaemon
 12572 | D:9      | Killed Amaemon
 12803 | D:9      | Found a shimmering altar of Xom.
 12803 | D:9      | Found a stormy altar of Qazlal.
 12804 | D:9      | Found a shadowy altar of Dithmenos.
 12817 | D:9      | Found Nof Tuahotte's Assorted Antiques.
 12944 | D:9      | Noticed a seven-headed hydra
 12968 | D:9      | Killed a seven-headed hydra
 12969 | D:9      | Reached skill level 1 in Necromancy
 13296 | D:9      | Noticed a tengu warrior
 13311 | D:9      | Killed a tengu warrior
 13618 | D:10     | Entered Level 10 of the Dungeon
 13809 | D:10     | Noticed Urug
 13818 | D:10     | Killed Urug
 13980 | D:10     | Noticed Psyche
 14040 | D:10     | Killed Psyche
 14180 | D:10     | Noticed Maurice
 14184 | D:10     | Maurice stole a +1 demon whip of venom
 14186 | D:10     | Killed Maurice
 14422 | D:10     | Noticed Maggie
 14426 | D:10     | Reached skill level 5 in Evocations
 14428 | D:10     | Killed Maggie
 14669 | D:11     | Reached skill level 10 in Fighting
 14884 | D:11     | Noticed a catoblepas
 14894 | D:11     | Killed a catoblepas
 15080 | D:11     | Found a staircase to the Orcish Mines.
 15299 | D:11     | Reached XP level 12. HP: 97/97 MP: 19/26
 15318 | D:11     | Noticed Harold
 15458 | D:11     | Killed Harold
 15580 | D:10     | Found a sacrificial altar of Ru.
 16088 | Lair:1   | Entered Level 1 of the Lair of Beasts
 16438 | Lair:1   | You fall into a shaft and drop 1 floor!
 16440 | Lair:2   | Noticed a six-headed hydra
 16448 | Lair:2   | Killed a six-headed hydra
 16515 | Lair:2   | Found the dreamshard necklace {Acrobat *Dream}
 16886 | Lair:1   | Noticed Gastronok
 16906 | Lair:1   | Killed Gastronok
 17998 | Lair:2   | Found a staircase to the Swamp.
 19105 | Lair:3   | Gained mutation: You are strongly in touch with the powers
                  | of death. [Mummy growth]
 19105 | Lair:3   | Reached XP level 13. HP: 73/106 MP: 0/29
 19663 | Lair:3   | Found a staircase to the Snake Pit.
 19738 | Lair:3   | Noticed Nergalle
 19746 | Lair:3   | Killed Nergalle
 19747 | Lair:3   | Reached skill level 5 in Necromancy
 23248 | Lair:5   | Entered Level 5 of the Lair of Beasts
 23549 | Lair:5   | Killed by an exploding elephant... ignited by their inner
                  | flame

Illustrated notes

Levels and vault maps discovered:
D:1:      denvon_arrival_planthouse, layout_basic, ebering_ecumenical_altar_box,
          minmay_misc_feat_alley
D:2:      layout_loops_ring, palyth_stone_intersect
D:3:      layout_rooms, nemelex_xobeh_ov_fountains_minmay,
          worldfamousw_hep_ancestral_shrine
D:4:      layout_rooms, lemuel_tele_altar, serial_shops,
          nicolae_shop_back_alley_shop, sigmund_army
D:5:      layout_basic, uniq_pikel, uniq_sigmund, uniq_grinder
D:6:      layout_basic, tso_oasis_becter, general_overflow_altar,
          minmay_temple_entry_proselytizer, minmay_manual_macuahuitl
D:7:      layout_basic, mainiacjoe_overflow_divided_tiny, enter_bailey_2
D:8:      layout_rooms, elyvilon_altar_3, lemuel_coloured_pillars_altar,
          mainiacjoe_overflow_catwalk_spiral
D:9:      nzn_winding_woodlands_three_and_one
          [nzn_winding_woodlands_5x15_garden,
          nzn_winding_woodlands_5x15_pockets,
          nzn_winding_woodlands_5x15_lazy_stream,
          nzn_winding_woodlands_center_diamonds], layout_long_grid,
          gammafunk_temple_overflow_claw, serial_shops, shop, item_on_display_b,
          uniq_prince_ribbit1, uniq_amaemon
D:10:     layout_basic, nicolae_overflow_hidden_temple, uniq_psyche, uniq_urug,
          uniq_maurice, uniq_maggie
D:11:     layout_roguey, david_orc_2, bh_circular_ruins, uniq_harold
Temple:   nicolae_temple_great_sept
Lair:1:   layout_chaotic_city, roderic_batcave, lemuel_fruit_fields,
          lemuel_fruit_tree, uniq_gastronok
Lair:2:   layout_gridlike, swamp_mist_pool, grunt_megastairs_1,
          serial_bayou_shore_a
Lair:3:   lemuel_ratsnest, layout_loops_ring, guppyfry_snake_entry_island,
          uniq_nergalle
Lair:4:   layout_cave_pods, lemuel_fruit_fields
Lair:5:   cheibrodos_lair_end_hotspot, layout_misc_corridors, slime_entry_2,
          basic_altar

Skill      XL: |  1  2  3  4  5  6  7  8  9 10 11 12 13 |
---------------+----------------------------------------+-----
Spellcasting   | 2 3 5 7 8 10 12 | 12.8
Stealth        | 1 2 |  2.0
Fire Magic     | 3 4 5 6 7 8 9 |  9.8
Evocations     | 1 2 3 5 6 |  6.4
Alchemy        | 1 3 4 5 6 7 8 9 |  9.8
Translocations | 1 2 3 |  3.0
Armour         | 1 2 |  2.0
Dodging        | 1 2 4 |  4.0
Fighting       | 4 7 10 11 12 | 12.0
Necromancy     | 3 4 5 |  5.0
Polearms       | |  2.4

Action                     |  1- 3 |  4- 6 |  7- 9 | 10-12 | 13-15 || total
---------------------------+-------+-------+-------+-------+-------++-------
  Melee: Spear             |    47 |     5 |    17 |    45 |     9 ||   123
         Punch             |       |       |       |     1 |       ||     1
  Throw: Stone             |       |       |     1 |     2 |       ||     3
         Dart              |       |       |       |     1 |       ||     1
   Cast: Scorch            |    15 |    86 |    92 |   258 |   145 ||   596
         Sticky Flame      |       |       |    21 |   120 |    51 ||   192
         Blink             |       |       |       |       |     1 ||     1
 Invoke: Fiery Armour      |     1 |       |     2 |       |       ||     3
         Foxfire Swarm     |       |     2 |     4 |       |       ||     6
  Evoke: Wand              |       |     4 |     2 |    16 |     1 ||    23
    Use: Scroll            |       |       |     7 |    10 |     4 ||    21
   Stab: Sleeping          |     1 |       |       |       |       ||     1
 Armour: Robe              |    28 |    30 |    68 |   206 |       ||   332
         Steam dragon scal |       |       |       |    80 |   151 ||   231
  Dodge: Dodged            |    22 |    33 |    47 |   129 |   100 ||   331

Table legend: (Time is in decaauts)
 A = Elapsed time spent in this place.
 B = Non-inter-level travel time spent in this place.
 C = Inter-level travel time spent in this place.
 D = Time resting spent in this place.
 E = Time spent auto-exploring this place.
 F = Levels seen in this place.
 G = Mean time per level.
                   A        B        C        D        E       F      G
               +--------+--------+--------+--------+--------+-----+--------+
         Total |  23600 |  22633 |    967 |    895 |  18771 |  18 | 1311.1 |
       Dungeon |  15126 |  14427 |    699 |    458 |  12036 |  11 | 1375.1 |
        Temple |     34 |     34 |      0 |      0 |     33 |   1 |   34.0 |
          Lair |   7482 |   7214 |    268 |    158 |   6173 |   5 | 1496.4 |
        Bailey |    956 |    956 |      0 |    279 |    528 |   1 |  956.0 |
               +--------+--------+--------+--------+--------+-----+--------+

Top non-repeatable levels by time:
  Lair:3: 2327 daAuts
  Lair:2: 1958 daAuts
  Lair:4: 1943 daAuts
     D:5: 1714 daAuts
     D:6: 1695 daAuts
     D:7: 1550 daAuts
     D:2: 1466 daAuts
     D:9: 1396 daAuts
    D:10: 1367 daAuts
     D:8: 1301 daAuts
     D:1: 1265 daAuts
     D:4: 1228 daAuts
  Lair:1: 1224 daAuts
    D:11: 1078 daAuts
     D:3: 1063 daAuts
